 Dungeon Crawl Stone Soup version 0.18.1-50-g88ac8fd (webtiles) character file.

75 magog001 the Shield-Bearer (level 4, -1/29 HPs)
             Began as a Gargoyle Fighter on Oct 19, 2018.
             Slain by a gnoll
             ... wielding a +0 halberd
              (11 damage)
             ... on level 2 of the Dungeon on Oct 21, 2018.
             The game lasted 00:09:35 (1686 turns).

magog001 the Shield-Bearer (Gargoyle Fighter)       Turns: 1686, Time: 00:09:36

Health: -1/29      AC: 10    Str: 26    XL:     4   Next: 31%
Magic:  4/4        EV:  7    Int:  8    God:
Gold:   47         SH: 10    Dex:  9    Spells: 0 memorised, 3 levels left

rFire  . . .     SeeInvis .     a - +0 flail
rCold  . . .     Gourm    .     b - +0 scale mail
rNeg   + . .     Faith    .     c - +0 shield
rPois  ∞         Spirit   .     (no helmet)
rElec  +         Dismiss  .     (no cloak)
rCorr  .         Reflect  .     (no gloves)
SustAt .         Harm     .     (no boots)
MR     .....                    (no amulet)
Stlth  ..........               (no ring)
                                (no ring)

@: mighty, not resistant to hostile enchantments, extremely unstealthy
A: negative energy resistance 1, electricity resistance, unbreathing,
petrification resistance, rot immunity, AC +3
a: no special abilities


You were on level 2 of the Dungeon.
You were not hungry.

You visited 1 branch of the dungeon, and saw 2 of its levels.

You collected 47 gold pieces.

Inventory:

Hand Weapons
 a - a +0 flail (weapon)
Missiles
 e - 7 tomahawks of returning (quivered)
 n - 15 sling bullets
Armour
 b - a +0 scale mail (worn)
 c - a +0 shield (worn)
Scrolls
 h - a scroll of teleportation {unknown}
 i - a scroll of amnesia {unknown}
 j - a scroll of noise {unknown}
 k - a scroll of enchant weapon {unknown}
Potions
 f - a potion of beneficial mutation {unknown}
 l - a potion of berserk rage {unknown}
 m - a potion of curing {unknown}
Comestibles
 g - 3 chunks of flesh


   Skills:
 * Level 3.7 Fighting
 * Level 2.6 Maces & Flails
 * Level 0.8 Throwing
 * Level 3.9 Armour
 * Level 4.1 Shields


You had 3 spell levels left.
You didn't know any spells.

Dungeon Overview and Level Annotations

Branches:
Dungeon (2/15)

Altars:


Innate Abilities, Weirdness & Mutations

You are resistant to torment.
Your stone body is resilient (AC +3).
You are immune to poison.
You resist negative energy.
You are resistant to electric shocks.
You can survive without breathing.
You are immune to petrification.
You are immune to rotting.


Message History

The gnoll is moderately wounded.
The gnoll hits you.
Your shield prevents you from hitting the gnoll.
The gnoll is moderately wounded.
You block the gnoll's attack.
Drink which item? (? for menu, Esc to quit)
You feel very mighty all of a sudden. The gnoll hits you.
You closely miss the gnoll.
The gnoll is moderately wounded.
You block the gnoll's attack.
You sock the gnoll!
The gnoll is almost dead.
The gnoll closely misses you. You block the gnoll's attack.
You thump the gnoll!
You kill the gnoll!
You block the gnoll's attack. The kobold hits you but does no damage.
You closely miss the kobold. You block the kobold's attack.
The gnoll hits you from afar with a halberd!
You die...

.# ..?.......#.# .#
..........#.# .#
..g..g...... .# .K...)....#
.# ..g.....# .# ..g.. .#
##.######## ##
####gg.......#
#.@Kg#######.# #.##.# #.#
###############.##.# #.#
................##.#######.#
##################.......[.#
###########


You could see 3 gnolls and a kobold.

Vanquished Creatures
  A gnoll (D:2)
  2 adders (D:2)
  An ooze (D:1)
  2 dart slugs (D:1)
  3 giant geckos
  A ball python (D:1)
  4 bats
  2 giant cockroaches
  A hobgoblin (D:1)
  8 jackals
  2 giant newts (D:1)
  3 goblins
  3 kobolds
  3 rats (D:1)
36 creatures vanquished.

Notes
Turn   | Place    | Note
--------------------------------------------------------------
     0 | D:1      | magog001 the Gargoyle Fighter began the quest for the Orb.
     0 | D:1      | Reached XP level 1. HP: 14/14 MP: 1/1
   201 | D:1      | Reached XP level 2. HP: 17/19 MP: 2/2
   864 | D:1      | Reached XP level 3. HP: 23/23 MP: 3/3
  1211 | D:2      | Reached skill level 4 in Shields
  1608 | D:2      | Reached XP level 4. HP: 26/28 MP: 4/4
  1686 | D:2      | Slain by a gnoll

Skill      XL: |  1  2  3 |
---------------+----------+-----
Shields        | 4 |  4.1
Fighting       | |  3.7
Maces & Flails | |  2.6
Throwing       | |  0.8
Armour         | |  3.9

Action                   |  1- 3 |  4- 6 || total
-------------------------+-------+-------++-------
Melee: Flail             |   158 |    11 ||   169
  Use: Potion            |       |     1 ||     1
  Eat: Bread ration      |     1 |       ||     1
Armor: Scale mail        |   102 |     1 ||   103
Dodge: Dodged            |    82 |     2 ||    84
Block: Shield            |    99 |     5 ||   104
